 Dungeon Crawl Stone Soup version 0.26-a0-708-g17f3b190f9 (webtiles) character file.

Game seed: 1374824057328279913

5903 ANON1729 the Summoner (level 10, -10/79 HPs)
             Began as a Barachi Summoner on Oct 28, 2020.
             Was an Elder of Cheibriados.
             Mangled by a boulder beetle (17 damage)
             ... on level 11 of the Dungeon.
             The game lasted 00:35:28 (12873 turns).

ANON1729 the Summoner (Barachi Summoner)           Turns: 12873, Time: 00:35:28

Health: -10/79     AC:  5    Str: 20    XL:     10   Next: 82%
Magic:  11/19      EV: 18    Int: 27    God:    Cheibriados [****..]
Gold:   726        SH:  0    Dex: 21    Spells: 4/21 levels left

rFire    . . .     SeeInvis .   J - +8 shortbow "Kouma" {freeze, rElec rF+ MP-9}
rCold    + + .     Faith    .   (shield currently unavailable)
rNeg     . . .     Spirit   .   L - +2 robe {rC+}
rPois    .         Reflect  .   q - +0 helmet
rElec    +         Harm     .   (no cloak)
rCorr    .         Rampage  .   (no gloves)
MR       .....                  (no boots)
Stlth    ++........             t - amulet of regeneration
HPRegen  0.63/turn              n - ring of ice
MPRegen  0.16/turn              m - ring of magical power

@: can't hop, very slow
A: +LOS, swims, slowness 1, strong legs 1
a: Hop, Bend Time, Temporal Distortion, Slouch, Renounce Religion


You were on level 11 of the Dungeon.
You worshipped Cheibriados.
Cheibriados was greatly pleased with you.
You visited 2 branches of the dungeon, and saw 12 of its levels.
You also visited: Sewer and Ossuary.

You collected 726 gold pieces.

Inventory:

Hand Weapons
 a - a +1 spectral quarterstaff
 y - a +2 dagger of venom
 J - the +8 shortbow "Kouma" (weapon) {freeze, rElec rF+ MP-9}
   (You found it on level 9 of the Dungeon)

   It causes projectiles fired from it to freeze those they strike, causing
   extra injury to most foes and up to half again as much damage against
   particularly susceptible opponents.
   They can also slow down cold-blooded creatures.
   It protects you from fire.
   It insulates you from electricity.
   It affects your magic capacity (-9).
Missiles
 e - 168 arrows (quivered)
 v - 52 bolts
 I - 4 silver javelins
Armour
 o - the +0 buckler "Soikhlisk" {Regen+}
   (You found it on level 6 of the Dungeon)

   It increases your rate of regeneration.
 q - a +0 helmet (worn)
 L - a +2 robe of cold resistance (worn)
Jewellery
 m - a ring of magical power (right hand)
 n - a ring of ice (left hand)
 t - an amulet of regeneration (around neck)
Wands
 s - a wand of acid (9)
 w - a wand of flame (44)
 x - a wand of iceblast (9)
 z - a wand of enslavement (8)
 E - a wand of digging (7)
Scrolls
 c - 9 scrolls of remove curse
 d - 4 scrolls of blinking
 g - 3 scrolls of magic mapping
 h - a scroll of fog
 i - a scroll of fear {unknown}
 p - a scroll of enchant armour
 r - 6 scrolls of teleportation
 u - 2 scrolls of immolation
 C - 2 scrolls of amnesia {unknown}
 D - 3 scrolls of enchant weapon
 G - a scroll of vulnerability
 H - a scroll of identify
Potions
 b - 2 potions of haste {unknown}
 f - 2 potions of resistance
 j - 3 potions of curing
 k - 2 potions of heal wounds
 A - 2 potions of might
 B - a potion of magic
 F - 2 potions of brilliance {unknown}
 K - a potion of mutation {unknown}


   Skills:
 + Level 7.0 Fighting
 + Level 7.0 Dodging
 - Level 2.0 Stealth
 + Level 6.4 Spellcasting
 * Level 11.2 Summonings
 + Level 6.2 Ice Magic
 + Level 3.6 Air Magic
 * Level 4.6 Invocations


You had 4 spell levels left.
You knew the following spells:

 Your Spells              Type           Power        Failure   Level
a - Summon Small Mammal   Summ           ####         1%          1
b - Call Imp              Summ           ######..     1%          2
c - Call Canine Familiar  Summ           ######..     1%          3
d - Summon Ice Beast      Ice/Summ       ######..     1%          4
e - Summon Guardian Gole  Hex/Summ       #####...     1%          3
f - Summon Lightning Spi  Summ/Air       #####...     3%          4

Your spell library contained the following spells:

 Spells                   Type           Power        Failure   Level
 Animate Skeleton         Necr           #.....       6%          1
 Apportation              Tloc           #.....       6%          1
 Corona                   Hex            #......      6%          1
 Foxfire                  Conj/Fire      #...         6%          1
 Magic Dart               Conj           #...         6%          1
 Searing Ray              Conj           #.....       10%         2
 Conjure Flame            Conj/Fire      #.......     19%         3
 Dazzling Flash           Conj/Hex       #.....       19%         3
 Inner Flame              Hex/Fire       #.......     19%         3
 Lesser Beckoning         Tloc           #.........   19%         3
 Tukima's Dance           Hex            #.......     19%         3
 Fulminant Prism          Conj/Hex       #.........   52%         4
 Iskenderun's Mystic Bla  Conj/Tloc      #.......     52%         4
 Sticky Flame             Conj/Fire      #.......     52%         4
 Alistair's Intoxication  Tmut/Pois      #........    86%         5
 Bolt of Magma            Conj/Fire/Erth #.........   86%         5
 Fireball                 Conj/Fire      #.........   86%         5
 Iskenderun's Battlesphe  Conj           #.......     86%         5
 Spellforged Servitor     Conj/Summ      #####.....   99%         7
 Invisibility             Hex            #.......     100%        6
 Iron Shot                Conj/Erth      #.........   100%        6
 Orb of Destruction       Conj           #.........   100%        7


Dungeon Overview and Level Annotations

Branches:
Dungeon (11/15)            Temple (1/1) D:7             Orc (0/2) D:10
  Sewer (visited)         Ossuary (visited)
   Lair: D:8-11

Altars:
Ashenzari
Cheibriados
Dithmenos
Elyvilon
Fedhas
Gozag
Hepliaklqana
Kikubaaqudgha
Makhleb
Nemelex Xobeh
Okawaru
Qazlal
Ru
Sif Muna
Trog
Uskayaw
Vehumet
Wu Jian
Xom
Yredelemnul
Zin
The Shining One

Shops:
D:8 [

Annotations:
D:11 exclusion: boulder beetle


Innate Abilities, Weirdness & Mutations

You can be seen from farther away. (+LOS)
You can swim through water.
You cover ground slowly.
You can hop short distances.


Message History

Press: ? - help, Shift-Dir - straight line, f/p - boulder beetle
Aim: a boulder beetle (almost dead) Really fire at your ice beast?
The mass of ice explodes!
The iceblast engulfs the boulder beetle but does no damage.
The boulder beetle is almost dead.
The iceblast engulfs your ice beast!
Your ice beast partially resists.
Your ice beast is severely wounded.
Your ice beast disappears in a puff of smoke!
The boulder beetle closely misses you.
The boulder beetle stops rolling and uncurls.
Evoke which item? (* to show all) (? for menu, Esc to quit)
Aiming: Corrosive Bolt
Press: ? - help, Shift-Dir - straight line, f/p - boulder beetle
Aim: a boulder beetle (almost dead)
The bolt of acid hits the boulder beetle but does no damage.
The boulder beetle is almost dead.
The boulder beetle bites you!
You die...

..........#.......<#...#....#
#####.....#........#........#
..........#......>.#.......>#
....#######........#........#
....# ..........#...#....#
....# .##############....#
....# #...........(.....#
....#######...........(..
....#.......((°B@(..(..#
....#......(.§.....#####
....#..........#####...#
....#.....#............#
..........#............######
..........#.................#
..........#.................#
#####.....#....#####)..#....#
#######....#...<)..#....#


You could see a boulder beetle.

Vanquished Creatures
  A two-headed ogre (D:11)
  A gargoyle (D:10)
  A redback (D:10)
  A wyvern (D:10)
  A wraith (D:11)
  An acid dragon (D:11)
  A sky beast (D:10)
  A black bear (D:6)
  A necrophage (D:10)
  An eye of draining (D:11)
  4 ogres
  A phantom (D:11)
  A centaur (D:5)
  A big kobold (D:10)
  A nameless horror (D:8)
  A bullfrog (D:7)
  A wyvern zombie (D:10)
  A wyvern skeleton (D:10)
  3 scorpions
  5 killer bees (D:8)
  7 wights (D:10)
  3 electric eels
  A quasit (D:10)
  A bullfrog zombie (D:11)
  5 hounds
  2 orc priests (D:8)
  A human zombie (Ossuary)
  2 centaur skeletons
  A gnoll shaman (D:10)
  6 orc wizards
  Natasha (D:2)
  An iguana (D:4)
  4 worker ants
  A big kobold zombie (Ossuary)
  A hound skeleton (D:10)
  A mummy (Ossuary)
  5 gnolls (D:10)
  18 adders
  A river rat (D:4)
  2 ufetubi
  3 oozes
  An adder skeleton (D:6)
  3 worms
  A dart slug (D:1)
  9 leopard geckos
  15 orcs
  15 giant cockroaches
  A gnoll zombie (Ossuary)
  6 hobgoblins
  3 jackals (D:6)
  13 kobolds
  3 quokkas
  7 ball pythons
  11 bats
  6 frilled lizards
  6 goblins
  A hobgoblin zombie (Ossuary)
  A jackal skeleton (D:4)
  An orc zombie (Ossuary)
  A quokka skeleton (D:8)
  10 rats
210 creatures vanquished.

Vanquished Creatures (collateral kills)
  A troll (D:8)
  A wraith (D:9)
  2 orc warriors (D:8)
  A black bear (D:9)
  A sky beast (D:8)
  An ice beast (D:9)
  A phantom (D:7)
  2 ogres
  A necrophage (D:8)
  A wolf (D:8)
  A centaur (D:9)
  An elf zombie (Ossuary)
  2 bullfrogs
  A scorpion (D:5)
  6 hounds
  A human zombie (Ossuary)
  2 orc priests
  A jelly (D:8)
  8 orc wizards
  An iguana (D:9)
  Natasha (D:2)
  A nameless horror (D:8)
  2 big kobold zombies (Ossuary)
  A mummy (Ossuary)
  4 adders
  A river rat (D:4)
  An ufetubus (D:8)
  5 oozes (Sewer)
  An adder skeleton (D:6)
  5 leopard geckos (Sewer)
  17 orcs
  7 giant cockroaches (Sewer)
  A goblin (D:1)
  2 hobgoblins (D:1)
  4 jackals
  7 ball pythons
  2 bats
  4 frilled lizards
  A goblin zombie (Ossuary)
  3 hobgoblin zombies (Ossuary)
  3 kobolds (D:1)
  An orc zombie (Ossuary)
  2 rats (D:4)
112 creatures vanquished.

Grand Total: 322 creatures vanquished

Notes
Turn   | Place    | Note
-------+----------+-------------------------------------------
     0 | D:1      | ANON1729 the Barachi Summoner began the quest for the Orb.
     0 | D:1      | Reached XP level 1. HP: 13/13 MP: 3/3
   335 | D:1      | Reached XP level 2. HP: 19/19 MP: 5/5
   338 | D:1      | Reached skill level 5 in Summonings
  1138 | D:1      | Reached XP level 3. HP: 24/25 MP: 1/6
  1586 | D:2      | Reached skill level 1 in Fighting
  1741 | D:2      | Noticed Natasha
  1753 | D:2      | Killed Natasha
  1784 | D:2      | Learned a level 2 spell: Call Imp
  1788 | D:2      | Learned a level 3 spell: Call Canine Familiar
  2007 | D:2      | Reached XP level 4. HP: 32/32 MP: 8/8
  2030 | D:2      | Noticed Natasha
  2053 | D:2      | Killed Natasha
  3144 | D:3      | Reached XP level 5. HP: 30/38 MP: 9/9
  3336 | D:3      | Reached skill level 6 in Summonings
  4294 | D:3      | Reached XP level 6. HP: 20/46 MP: 11/11
  5147 | D:4      | Found a glowing drain.
  5169 | Sewer    | Entered a sewer
  5465 | Sewer    | Learned a level 4 spell: Summon Ice Beast
  5602 | Sewer    | Reached skill level 7 in Summonings
  5832 | Sewer    | Reached XP level 7. HP: 52/52 MP: 12/12
  5913 | D:4      | Reached skill level 1 in Ice Magic
  6012 | D:4      | Found a glowing silver altar of Zin.
  6513 | D:5      | Entered Level 5 of the Dungeon
  6513 | D:5      | Found a sparkling altar of Nemelex Xobeh.
  6750 | D:5      | Found an ornate altar of the Wu Jian Council.
  6777 | D:5      | Found a burning altar of Makhleb.
  7064 | D:5      | Found a white marble altar of Elyvilon.
  7203 | D:5      | Found an opulent altar of Gozag.
  7203 | D:5      | Found a shadowy altar of Dithmenos.
  7204 | D:5      | Found an ancient bone altar of Kikubaaqudgha.
  7759 | D:6      | Reached skill level 8 in Summonings
  7759 | D:6      | Reached XP level 8. HP: 8/60 MP: 14/14
  7905 | D:6      | Found a bloodstained altar of Trog.
  8190 | D:6      | Got a pitted buckler
  8196 | D:6      | Identified the cursed +0 buckler "Soikhlisk" {Regen+} (You
                  | found it on level 6 of the Dungeon)
  8273 | D:6      | Learned a level 3 spell: Summon Guardian Golem
  8353 | D:6      | Found a shimmering blue altar of Sif Muna.
  8392 | D:6      | Reached skill level 5 in Dodging
  8755 | D:7      | Found a sand-covered staircase.
  8798 | Ossuary  | Entered an ossuary
  9196 | D:7      | Found a staircase to the Ecumenical Temple.
  9255 | Temple   | Entered the Ecumenical Temple
  9384 | D:8      | Found a snail-covered altar of Cheibriados.
  9416 | D:8      | Reached skill level 9 in Summonings
  9479 | D:8      | Reached skill level 5 in Fighting
  9479 | D:8      | Reached skill level 5 in Spellcasting
  9484 | D:8      | Became a worshipper of Cheibriados the Contemplative
  9657 | D:8      | Reached XP level 9. HP: 62/67 MP: 16/16
  9704 | D:8      | Reached * piety under Cheibriados
  9704 | D:8      | Reached skill level 1 in Invocations
  9782 | D:8      | Learned a level 4 spell: Summon Lightning Spire
  9819 | D:8      | Found a glowing golden altar of the Shining One.
 10085 | D:8      | Found Hucweec's Armour Emporium.
 10271 | D:8      | Noticed a troll
 10278 | D:8      | Killed a troll
 10534 | D:9      | Reached skill level 1 in Air Magic
 10632 | D:9      | Found an iron altar of Okawaru.
 10658 | D:9      | Got an encrusted hand axe
 10659 | D:9      | Identified the +3 hand axe of Lust {chaos, Dex+3} (You
                  | found it on level 9 of the Dungeon)
 10788 | D:9      | Reached ** piety under Cheibriados
 11008 | D:9      | Reached skill level 10 in Summonings
 11023 | D:9      | Got a dazzling shortbow
 11032 | D:9      | Identified the +8 shortbow "Kouma" {freeze, rElec rF+ MP-9}
                  | (You found it on level 9 of the Dungeon)
 11215 | D:10     | Entered Level 10 of the Dungeon
 11262 | D:10     | Reached skill level 5 in Ice Magic
 11784 | D:10     | Reached XP level 10. HP: 76/76 MP: 18/18
 11892 | D:10     | Reached *** piety under Cheibriados
 11939 | D:10     | Noticed a gargoyle
 11947 | D:10     | Killed a gargoyle
 12333 | D:10     | Found a staircase to the Orcish Mines.
 12453 | D:11     | Noticed a two-headed ogre
 12470 | D:11     | Killed a two-headed ogre
 12470 | D:11     | Reached skill level 11 in Summonings
 12600 | D:11     | Noticed a boulder beetle
 12646 | D:11     | Reached **** piety under Cheibriados
 12808 | D:11     | Noticed a boulder beetle
 12865 | D:11     | HP: 2/79 [boulder beetle (8)]
 12873 | D:11     | Mangled by a boulder beetle

Illustrated notes

Levels and vault maps discovered:
D:1:      evilmike_arrival_plus, layout_rooms, minmay_misc_feat_five,
          hex_intersection, minmay_strange_pillars, item_on_display_a
D:2:      layout_basic, uniq_natasha
D:3:      layout_basic
D:4:      layout_loops_ring, kennysheep_mini_moat, portal_sewer_entry_e
D:5:      layout_gridville, elyvilon_altar_3, nicolae_overflow_crystal_walls,
          marbit_many_paths, overflow_temple_1_default,
          gammafunk_temple_overflow_claw
D:6:      layout_basic, lemuel_coloured_pillars_altar, bloody_trog
D:7:      layout_gridville, minmay_temple_entry_gardened_gates,
          nicolae_ossuary_entry_ruins, hangedman_decor_lopped
D:8:      layout_cave_pools, cheibriados_altar_1, old_standard_altar,
          erik_lair_island, serial_shops, shop
D:9:      layout_rooms, okawaru_ov_weapons_minmay
D:10:     layout_basic, orc_0_dummy, kennysheep_island_fort
D:11:     layout_grid_maze, lightli_minifort
Temple:   dpeg_three_leaves_temple

Skill      XL: |  1  2  3  4  5  6  7  8  9 10 |
---------------+-------------------------------+-----
Summonings     | 5 6 7 8 9 10 11 | 11.2
Stealth        | 2 |  2.0
Fighting       | 1 2 3 4 5 6 7 |  7.0
Dodging        | 3 4 5 6 7 |  7.0
Spellcasting   | 3 4 5 6 |  6.4
Ice Magic      | 2 4 5 6 |  6.2
Invocations    | 3 4 |  4.6
Air Magic      | 2 3 |  3.6

Action                   |  1- 3 |  4- 6 |  7- 9 | 10-12 || total
-------------------------+-------+-------+-------+-------++-------
Melee: Short sword       |    81 |       |       |       ||    81
       Dagger            |    35 |   272 |   350 |       ||   657
 Fire: Shortbow          |       |       |    80 |   156 ||   236
 Cast: Summon Small Mamm |    25 |     7 |    31 |       ||    63
       Call Imp          |       |    24 |    44 |       ||    68
       Call Canine Famil |       |     4 |    19 |       ||    23
       Summon Ice Beast  |       |       |    16 |     4 ||    20
       Summon Guardian G |       |       |     4 |       ||     4
       Summon Lightning  |       |       |       |     1 ||     1
 Abil: Hop               |       |     1 |     5 |     2 ||     8
Evoke: Wand              |       |       |     3 |     4 ||     7
  Use: Scroll            |       |       |    16 |       ||    16
       Potion            |       |       |     3 |       ||     3
 Stab: Sleeping          |     2 |     4 |     3 |       ||     9
       Distracted        |       |       |     6 |       ||     6
Armor: Robe              |    34 |    63 |    54 |     8 ||   159
Dodge: Dodged            |    93 |   221 |   294 |    86 ||   694
Block: Buckler           |       |       |    29 |       ||    29

Table legend: (Time is in decaauts)
 A = Elapsed time spent in this place.
 B = Non-inter-level travel time spent in this place.
 C = Inter-level travel time spent in this place.
 D = Time resting spent in this place.
 E = Time spent auto-exploring this place.
 F = Levels seen in this place.
 G = Mean time per level.
                   A        B        C        D        E       F      G
               +--------+--------+--------+--------+--------+-----+--------+
         Total |  15164 |  14866 |    298 |   2648 |   8481 |  14 | 1083.1 |
       Dungeon |  13919 |  13632 |    287 |   2236 |   8208 |  11 | 1265.4 |
        Temple |    120 |    109 |     11 |      0 |     75 |   1 |  120.0 |
         Sewer |    735 |    735 |      0 |    269 |    114 |   1 |  735.0 |
       Ossuary |    389 |    389 |      0 |    143 |     83 |   1 |  389.0 |
               +--------+--------+--------+--------+--------+-----+--------+

Top non-repeatable levels by time:
     D:3: 1943 daAuts
    D:10: 1795 daAuts
     D:1: 1606 daAuts
     D:2: 1493 daAuts
     D:5: 1276 daAuts
     D:8: 1263 daAuts
     D:4: 1240 daAuts
     D:6: 1024 daAuts
     D:9: 1022 daAuts
   Sewer: 735 daAuts
    D:11: 725 daAuts
     D:7: 527 daAuts
 Ossuary: 389 daAuts
  Temple: 120 daAuts
